 Dungeon Crawl Stone Soup version 0.21-a0-364-gbd1fde4 (webtiles) character file.

1218 wazuzu the Magician (level 8, 0/58 HPs)
             Began as a Gnoll Wizard on Oct 14, 2017.
             Was a Follower of Ashenzari.
             Succumbed to an orc wizard's poison
             ... on level 6 of the Dungeon.
             The game lasted 00:25:15 (6897 turns).

wazuzu the Magician (Gnoll Wizard)                  Turns: 6897, Time: 00:25:16

Health: 0/58       AC:  5    Str: 12    XL:     8   Next: 46%
Magic:  8/19       EV: 18    Int: 22    God:    Ashenzari [*.....]
Gold:   364        SH:  0    Dex: 14    Spells: 16/22 levels left

rFire    . . .     SeeInvis .   l - +0 rapier
rCold    . . .     Gourm    .   (no shield)
rNeg     . . .     Faith    .   a - +0 robe
rPois    .         Spirit   .   b - +1 hat
rElec    .         Reflect  .   (no cloak)
rCorr    .         Harm     .   v - +1 pair of gloves
MR       .....                  (no boots)
Stlth    +++.......             (no amulet)
HPRegen  0.19/turn              x - +3 ring of evasion (curse)
MPRegen  0.16/turn              w - ring of wizardry (curse)

@: lethally poisoned (0 -> -11)
A: distributed training, fangs 1, strong 1, evolution 1, strong nose
a: Curse Item, Scrying, Renounce Religion


You were on level 6 of the Dungeon.
You worshipped Ashenzari.
Ashenzari was aware of your devotion.
You were not hungry.

You visited 1 branch of the dungeon, and saw 6 of its levels.

You collected 406 gold pieces.
You spent 42 gold pieces at shops.

Inventory:

Hand Weapons
 l - a +0 rapier (weapon)
Armour
 a - a +0 robe (worn)
 b - a +1 hat (worn)
 v - a +1 pair of gloves (worn)
Jewellery
 w - a cursed ring of wizardry (right hand)
 x - a cursed +3 ring of evasion (left hand)
Wands
 s - a wand of disintegration (10/24)
Scrolls
 e - 4 scrolls of teleportation
 j - 2 scrolls of magic mapping
 q - 3 scrolls of identify
 u - 2 scrolls of amnesia
Potions
 g - 2 potions of cancellation
 h - a potion of lignification {unknown}
 i - a potion of resistance
 k - a potion of brilliance {unknown}
 m - a potion of agility {unknown}
 r - 2 potions of haste {unknown}
 t - a potion of magic {unknown}
Books
 c - a book of Minor Magic

   Spells                             Type                      Level
   a - Magic Dart                     Conjuration                  1
   b - Blink                          Translocation                2
   c - Call Imp                       Summoning                    2
   d - Slow                           Hexes                        2
   e - Conjure Flame                  Conjuration/Fire             3
   f - Mephitic Cloud                 Conjuration/Poison/Air       3
Comestibles
 d - 4 bread rations
 f - 8 fruits
 n - 3 meat rations
 o - 4 royal jellies
 p - 5 chunks of flesh


   Skills:
 + Level 3.2 Fighting
 + Level 3.2 Short Blades
 + Level 3.2 Long Blades
 + Level 3.2 Axes
 + Level 3.2 Maces & Flails
 + Level 3.2 Polearms
 + Level 3.2 Staves
 + Level 3.2 Slings
 + Level 3.2 Bows
 + Level 3.2 Crossbows
 + Level 3.2 Throwing
 + Level 3.2 Armour
 + Level 5.6 Dodging
 + Level 5.3 Stealth
 + Level 3.2 Shields
 + Level 3.2 Unarmed Combat
 + Level 7.9 Spellcasting
 + Level 3.4 Conjurations
 + Level 2.6 Hexes
 + Level 2.6 Charms
 + Level 3.4 Summonings
 + Level 2.6 Necromancy
 + Level 3.4 Translocations
 + Level 2.6 Transmutations
 + Level 2.6 Fire Magic
 + Level 2.6 Ice Magic
 + Level 2.6 Air Magic
 + Level 2.6 Earth Magic
 + Level 2.6 Poison Magic
 + Level 3.5 Invocations
 + Level 3.2 Evocations


You had 16 spell levels left.
You knew the following spells:

 Your Spells              Type           Power        Failure   Level  Hunger
a - Magic Dart            Conj           ###.         1%          1    None
b - Apportation           Tloc           ###...       1%          1    None
c - Call Imp              Summ           ###.....     1%          2    None
d - Blink                 Tloc           N/A          1%          2    None


Dungeon Overview and Level Annotations

Branches:
Dungeon (6/15)             Temple (0/1) D:4

Altars:
Ashenzari
Cheibriados
Gozag
Makhleb
Nemelex Xobeh
Uskayaw

Shops:
D:5 !


Innate Abilities, Weirdness & Mutations

Your experience applies equally to all skills.
You have very sharp teeth.
Your uncanny sense of smell can sniff out nearby items.
Your muscles are strong. (Str +2)
You evolve.


Message History

You feel sick. The orc priest hits you with a flail!
* * * LOW HITPOINT WARNING * * *
Unknown command.
Casting: Magic Dart
Confirm with . or Enter, or press ? or * to list all spells.
Aiming: Magic Dart
Press: ? - help, Shift-Dir - straight line, f/p - orc priest
Aim: an orc priest, wielding a flail (moderately wounded)
The magic dart hits the orc priest.
The orc priest is heavily wounded.
* * * LOW HITPOINT WARNING * * *
You feel sick. The orc priest misses you.
Casting: Magic Dart
Confirm with . or Enter, or press ? or * to list all spells.
Aiming: Magic Dart
Press: ? - help, Shift-Dir - straight line, f/p - orc priest
Aim: an orc priest, wielding a flail (heavily wounded)
The magic dart hits the orc priest.
The orc priest is almost dead.
You die...

... ... ###### ..#
##.....## #.##
#..>......
#..###..........
#..#............
###...............
######)................
#....o@.#........(.....
...#######..............
#..............
#....^.........
##.............
#.............
#.............
##............
#............


You could see an orc priest.

Vanquished Creatures
  Duvessa (D:5)
  A sky beast (D:5)
  A water moccasin skeleton (D:6)
  A scorpion (D:5)
  2 wights (D:6)
  A crimson imp (D:5)
  A hound (D:4)
  A quasit (D:5)
  4 jellies (D:6)
  A gnoll shaman (D:6)
  3 orc priests
  An orc wizard (D:6)
  An iguana (D:6)
  5 worker ants
  A hound skeleton (D:4)
  13 gnolls
  8 adders
  A shadow imp (D:5)
  2 adder zombies
  2 adder skeletons (D:4)
  4 dart slugs
  6 leopard geckos
  3 orcs
  5 bats
  2 giant cockroaches
  3 goblins
  5 hobgoblins
  7 jackals
  A quokka (D:2)
  2 ball pythons
  3 frilled lizards
  6 kobolds
  5 rats
103 creatures vanquished.

Vanquished Creatures (collateral kills)
  Dowan (D:5)
  A wight (D:6)
  A killer bee zombie (D:6)
3 creatures vanquished.

Grand Total: 106 creatures vanquished

Notes
Turn   | Place    | Note
-------+----------+-------------------------------------------
     0 | D:1      | wazuzu the Gnoll Wizard began the quest for the Orb.
     0 | D:1      | Reached XP level 1. HP: 13/13 MP: 8/8
   230 | D:1      | Reached XP level 2. HP: 19/19 MP: 2/10
   813 | D:2      | Reached XP level 3. HP: 25/25 MP: 7/11
  1020 | D:2      | Reached skill level 1 in Invocations
  1174 | D:2      | Reached skill level 1 in Fighting
  1174 | D:2      | Reached skill level 1 in Short Blades
  1174 | D:2      | Reached skill level 1 in Long Blades
  1174 | D:2      | Reached skill level 1 in Axes
  1174 | D:2      | Reached skill level 1 in Maces & Flails
  1174 | D:2      | Reached skill level 1 in Polearms
  1174 | D:2      | Reached skill level 1 in Staves
  1174 | D:2      | Reached skill level 1 in Slings
  1174 | D:2      | Reached skill level 1 in Bows
  1174 | D:2      | Reached skill level 1 in Crossbows
  1174 | D:2      | Reached skill level 1 in Throwing
  1174 | D:2      | Reached skill level 1 in Armour
  1174 | D:2      | Reached skill level 1 in Shields
  1174 | D:2      | Reached skill level 1 in Unarmed Combat
  1174 | D:2      | Reached skill level 1 in Evocations
  1257 | D:2      | Found a burning altar of Makhleb.
  1584 | D:3      | Reached XP level 4. HP: 32/32 MP: 8/13
  1685 | D:3      | Found a shattered altar of Ashenzari.
  1692 | D:3      | Became a worshipper of Ashenzari the Shackled
  1921 | D:3      | Found a hide-covered altar of Uskayaw.
  2177 | D:4      | Reached skill level 1 in Hexes
  2177 | D:4      | Reached skill level 1 in Charms
  2177 | D:4      | Reached skill level 1 in Necromancy
  2177 | D:4      | Reached skill level 1 in Transmutations
  2177 | D:4      | Reached skill level 1 in Fire Magic
  2177 | D:4      | Reached skill level 1 in Ice Magic
  2177 | D:4      | Reached skill level 1 in Air Magic
  2177 | D:4      | Reached skill level 1 in Earth Magic
  2177 | D:4      | Reached skill level 1 in Poison Magic
  2512 | D:4      | Learned a level 1 spell: Apportation
  2540 | D:3      | Learned a level 2 spell: Call Imp
  2543 | D:3      | Learned a level 2 spell: Blink
  2571 | D:3      | Reached XP level 5. HP: 26/37 MP: 8/14
  2841 | D:4      | Found a staircase to the Ecumenical Temple.
  3116 | D:4      | Reached XP level 6. HP: 29/44 MP: 0/16
  3341 | D:4      | HP: 2/44 [orc priest/nerve-wracking pain (13)]
  3342 | D:4      | Reached skill level 5 in Dodging
  3662 | D:4      | Found a snail-covered altar of Cheibriados.
  4271 | D:5      | Entered Level 5 of the Dungeon
  4604 | D:5      | Noticed a sky beast
  4643 | D:5      | Killed a sky beast
  4643 | D:5      | Reached XP level 7. HP: 16/50 MP: 3/18
  5091 | D:5      | Found Disoim's Distillery.
  5094 | D:5      | Bought a potion of curing for 42 gold pieces
  5120 | D:5      | Noticed Duvessa
  5124 | D:5      | Noticed Dowan
  5168 | D:5      | Gained mutation: Your muscles are strong. (Str +2) [potion of mutation]
  5168 | D:5      | Gained mutation: You evolve. [potion of mutation]
  5169 | D:5      | Killed Dowan
  5198 | D:5      | Killed Duvessa
  5424 | D:5      | Reached skill level 5 in Stealth
  5574 | D:5      | Reached * piety under Ashenzari
  5575 | D:5      | Found a sparkling altar of Nemelex Xobeh.
  5930 | D:6      | Reached XP level 8. HP: 16/57 MP: 8/19
  6409 | D:6      | Found an opulent altar of Gozag.
  6896 | D:6      | HP: 1/58 [poisoned by an orc wizard]
  6897 | D:6      | Succumbed to an orc wizard's poison

Vault maps used:
D:1:      lightli_arrival_noodles
D:2:      lightli_temple_of_fire, item_on_display_a
D:3:      lemuel_round_altar, old_standard_altar, st_stairs_13
D:4:      kennysheep_mini_moat, minmay_temple_entry_statues_fountains,
          first_bread, serial_corexii_hall, corexii_hall_statues_i,
          corexii_hall_statues_i, chequers_big_river
D:5:      marbit_many_paths, serial_shops, nicolae_shop_behind_doors,
          uniq_duvessa
D:6:      nicolae_gozag_cash_rules_everything_around_me, st_stairs_2

Skill      XL: |  1  2  3  4  5  6  7  8 |
---------------+-------------------------+-----
Conjurations   | 2 3 |  3.4
Summonings     | 2 3 |  3.4
Translocations | 2 3 |  3.4
Invocations    | 1 2 3 |  3.5
Fighting       | 1 2 3 |  3.2
Short Blades   | 1 2 3 |  3.2
Long Blades    | 1 2 3 |  3.2
Axes           | 1 2 3 |  3.2
Maces & Flails | 1 2 3 |  3.2
Polearms       | 1 2 3 |  3.2
Staves         | 1 2 3 |  3.2
Slings         | 1 2 3 |  3.2
Bows           | 1 2 3 |  3.2
Crossbows      | 1 2 3 |  3.2
Throwing       | 1 2 3 |  3.2
Armour         | 1 2 3 |  3.2
Shields        | 1 2 3 |  3.2
Unarmed Combat | 1 2 3 |  3.2
Evocations     | 1 2 3 |  3.2
Hexes          | 1 2 |  2.6
Charms         | 1 2 |  2.6
Necromancy     | 1 2 |  2.6
Transmutations | 1 2 |  2.6
Fire Magic     | 1 2 |  2.6
Ice Magic      | 1 2 |  2.6
Air Magic      | 1 2 |  2.6
Earth Magic    | 1 2 |  2.6
Poison Magic   | 1 2 |  2.6
Dodging        | 5 |  5.6
Stealth        | 5 |  5.3
Spellcasting   | |  7.9

Action                   |  1- 3 |  4- 6 |  7- 9 || total
-------------------------+-------+-------+-------++-------
Melee: Unarmed           |       |    17 |       ||    17
       Bite              |       |     2 |     4 ||     6
       Dagger            |       |     9 |    53 ||    62
       Punch             |       |       |     1 ||     1
       Rapier            |       |       |     6 ||     6
 Cast: Magic Dart        |    75 |   197 |   162 ||   434
       Call Imp          |       |     1 |    28 ||    29
Invok: Curse Item        |       |       |     2 ||     2
  Use: Scroll            |       |    11 |     4 ||    15
       Potion            |       |     1 |     5 ||     6
 Stab: Distracted        |       |       |     2 ||     2
  Eat: Chunk             |     1 |     7 |     3 ||    11
       Bread ration      |       |     1 |       ||     1
       Fruit             |       |       |     1 ||     1
       Royal jelly       |       |       |     1 ||     1
Armor: Robe              |     2 |    23 |    16 ||    41
Dodge: Dodged            |    12 |    95 |   106 ||   213

Table legend:
 A = Spawn XP
 B = Non-spawn XP
 C = Spawn XP percentage of total XP
 D = Spawn monster count
 E = Non-spawn monster count
 F = Spawn count percentage of total count
 G = Total turns spent on level
                    A         B        C        D         E        F      G
               +---------+---------+-------+---------+---------+-------+---------
         Total |       0 |    1740 |   0.0 |       0 |     106 |   0.0 |  6897
               +---------+---------+-------+---------+---------+-------+---------
           D:1 |       0 |      29 |   0.0 |       0 |      16 |   0.0 |   784
           D:2 |       0 |      49 |   0.0 |       0 |      14 |   0.0 |   775
           D:3 |       0 |      50 |   0.0 |       0 |       9 |   0.0 |   876
           D:4 |       0 |     389 |   0.0 |       0 |      26 |   0.0 |  1836
           D:5 |       0 |     550 |   0.0 |       0 |      19 |   0.0 |  1608
           D:6 |       0 |     673 |   0.0 |       0 |      22 |   0.0 |  1018
               +---------+---------+-------+---------+---------+-------+---------
